 Dungeon Crawl Stone Soup version 0.30.1-11-g7821555f0a (webtiles) character file.

Game seed: 11599079365065646026

872 CrazyMind the Conjurer (level 7, -10/48 HPs)
             Began as a Demonspawn Conjurer on Dec 30, 2023.
             Was an Initiate of Gozag.
             Mangled by a gnoll sergeant
             ... wielding a +5 trident of venom
              (14 damage)
             ... on level 6 of the Dungeon on Dec 31, 2023.
             The game lasted 00:20:00 (4936 turns).

CrazyMind the Conjurer (Demonspawn Conjurer)        Turns: 4936, Time: 00:20:01

Health: -10/48     AC:  3    Str:  7    XL:     7   Next: 74%
Magic:  16/23      EV: 12    Int: 22    God:    Gozag
Gold:   200        SH:  4    Dex: 11    Spells: 4/16 levels left

rFire   . . .        F - +2 dagger (speed)
rCold   . . .        (no shield)
rNeg    . . .        a - +0 robe
rPois   +            (no helmet)
rElec   .            (no cloak)
rCorr   .            (no gloves)
SInv    .            D - +0 pair of boots
Will    .....        (no amulet)
Stlth   ++           j - ring of poison resistance
HPRegen 0.28/turn    o - ring of magical power
MPRegen 0.36/turn

%: no passive effects
@: gold aura
A: claws 2, large bone plates 1, magic regeneration
a: Renounce Religion, Potion Petition, Call Merchant, Bribe Branch


You were on level 6 of the Dungeon.
You worshipped Gozag.
Gozag was aware of your devotion.
You visited 2 branches of the dungeon, and saw 7 of its levels.

You collected 264 gold pieces.
You paid 64 gold pieces to Gozag.

Inventory:

Hand Weapons
 m - a +1 dagger of flaming
 y - a +1 dagger of freezing
 C - a +0 rapier
 F - a +2 dagger of speed (weapon)
Missiles
 n - 3 datura-tipped darts
 w - 3 poisoned darts (quivered)
Armour
 a - a +0 robe (worn)
 u - a +0 leather armour
 D - a +0 pair of boots (worn)
Magical Staves
 A - a staff of poison
Jewellery
 j - a ring of poison resistance (left claw)
 o - a ring of magical power (right claw)
 r - the ring of Januun {rF+ EV+5 Str+3}
   (You found it on level 2 of the Dungeon)

   [ring of evasion]

   EV:        It affects your evasion (+5).
   Str:       It affects your strength (+3).
   rF:        It protects you from fire.
Scrolls
 c - 3 scrolls of identify {unknown}
 e - a scroll of acquirement {unknown}
 g - a scroll of torment {unknown}
 h - a scroll of enchant armour {unknown}
 p - 6 scrolls of teleportation {unknown}
 s - 2 scrolls of amnesia {unknown}
 t - a scroll of brand weapon {unknown}
 x - a scroll of magic mapping {unknown}
 E - a scroll of blinking {unknown}
Potions
 b - 2 potions of magic
 d - a potion of berserk rage {unknown}
 f - a potion of heal wounds
 i - a potion of haste {unknown}
 k - a potion of cancellation {unknown}
 l - 4 potions of curing {unknown}
 q - a potion of degeneration {unknown}
 v - a potion of attraction {unknown}
 z - 2 potions of resistance {unknown}
 B - a potion of flight {unknown}


   Skills:
 + Level 1.2 Fighting
 + Level 0.7 Short Blades
 + Level 0.8 Throwing
 + Level 2.5 Dodging
 + Level 3.2 Stealth
 * Level 5.0 Spellcasting
 * Level 6.9 Conjurations
 + Level 0.9 Translocations


You had 4 spell levels left.
You knew the following spells:

 Your Spells              Type           Power      Damage    Failure   Level
a - Magic Dart            Conj           100%       1d8       1%          1
b - Searing Ray           Conj           70%        2d7       1%          2
c - Dazzling Flash        Conj/Hex       40%        N/A       8%          3
d - Iskenderun's Mystic   Conj/Tloc      22%        2d6       21%         4
e - Blink                 Tloc           18%        N/A       11%         2

Your spell library contained the following spells:

 Spells                   Type           Power      Damage    Failure   Level
 Shock                    Conj/Air       80%        1d8       2%          1
 Momentum Strike          Conj/Tloc      44%        3d9       3%          2
 Lesser Beckoning         Tloc           18%        N/A       11%         2
 Ensorcelled Hibernation  Hex/Ice        10%        N/A       16%         2
 Fulminant Prism          Conj/Hex       10%        3d8       24%         4
 Spider Form              Tmut/Pois      5%         N/A       30%         3
 Swiftness                Air            5%         N/A       30%         3
 Airstrike                Air            2%         2d(1-17)  69%         4
 Anguish                  Hex/Necr       2%         N/A       69%         4


Dungeon Overview and Level Annotations

Branches:
Dungeon (6/15) Zot: 26944  Temple (1/1) D:5 Zot: 5840

Altars:
Cheibriados
Fedhas
Gozag
Hepliaklqana
Makhleb
Nemelex Xobeh
Okawaru
Qazlal
Sif Muna
Trog
Uskayaw
Wu Jian
Yredelemnul

Shops:
D:3 !

Annotations:
D:3 Sigmund
D:6 1 runed translucent door


Innate Abilities, Weirdness & Mutations

You have very sharp fingernails.
You are partially covered in large bone plates. (SH +4)
You regenerate magic rapidly.


Message History

The searing ray hits the gnoll!
The gnoll is almost dead.
The searing ray hits the gnoll sergeant.
The gnoll sergeant is severely wounded.
You finish channelling your searing ray.
The gnoll hits you from afar with a +0 spear.
Press: ? - help, . - travel You can't see that place. [a rock wall.] Unknown command.
Unknown command.
Press: ? - help, v - describe, . - travel
Here: a gnoll, wielding a +0 spear (almost dead)
The floor, spattered with blood.
Casting: Searing Ray (safe; 1% risk of failure)
Confirm with . or Enter, or press ? or * to list all spells.
Aiming: Searing Ray (safe; 1% risk of failure)
Press: ? - help, Shift-Dir - straight line, f/p - gnoll
Aim: a gnoll, wielding a +0 spear (almost dead, 83% to hit)
The searing ray hits the gnoll.
You kill the gnoll! (Press . to maintain the ray.)
The gnoll sergeant hits you from afar with a +5 trident of venom!
Casting: Searing Ray (safe; 1% risk of failure)
Confirm with . or Enter, or press ? or * to list all spells.
Restarting spell: Searing Ray (safe; 1% risk of failure)
Press: ? - help, Shift-Dir - straight line, f - gnoll sergeant
Aim: a gnoll sergeant, wielding a +5 trident of venom and wearing a +0 scale mail (severely wounded, 86% to hit)
The searing ray hits the gnoll sergeant.
The gnoll sergeant is severely wounded. (Press . to maintain the ray.)
The gnoll sergeant hits you from afar with a +5 trident of venom!!
The searing ray hits the gnoll sergeant.
The gnoll sergeant is almost dead.
The gnoll sergeant hits you from afar with a +5 trident of venom!
* * * LOW HITPOINT WARNING * * *
There is a stone staircase leading up here.
The gnoll sergeant hits you from afar with a +5 trident of venom!
You die...
Your body crumbles into a pile of gold.

≈...g##+###+#..##.# #
≈....#..........#.# #
≈.................#.#
≈.##.....#.......# .#
..#..#.###......###.#
....##..#...........#
♣...#........###...##
♣..........g.$g.....#
♣..............#@#.##
♣....###.......#...#
..#.## #......##...#
..#.# #.........#...
....# ######....#....
##### #......####
#......# #.......
+.......


You could see a gnoll sergeant and a gnoll.

Vanquished Creatures
  2 phantoms (D:5)
  2 howler monkeys (D:5)
  2 jellies (D:5)
  2 orc priests (D:5)
  2 hounds (D:5)
  3 iguanas
  5 orc wizards
  6 gnolls
  3 adders
  A worm (D:3)
  3 dart slugs
  11 orcs
  2 bats
  6 endoplasms
  6 giant cockroaches
  6 hobgoblins
  6 jackals
  2 kobolds
  6 quokkas
  5 ball pythons
  4 goblins
  4 rats
89 creatures vanquished.

Vanquished Creatures (collateral kills)
  An ogre (D:5)
1 creature vanquished.

Grand Total: 90 creatures vanquished

Notes
Turn   | Place    | Note
-------+----------+-------------------------------------------
     0 | D:1      | CrazyMind the Demonspawn Conjurer began the quest for the
                  | Orb.
     0 | D:1      | Reached XP level 1. HP: 13/13 MP: 3/3
   319 | D:1      | Gained mutation: You have sharp fingernails. [demonic
                  | ancestry]
   319 | D:1      | Reached XP level 2. HP: 19/19 MP: 1/5
   365 | D:1      | Learned a level 2 spell: Searing Ray
  1356 | D:2      | Gained mutation: You have very sharp fingernails. [demonic
                  | ancestry]
  1356 | D:2      | Reached XP level 3. HP: 24/24 MP: 4/6
  1427 | D:2      | Learned a level 3 spell: Dazzling Flash
  1996 | D:2      | Identified the ring of Januun {rF+ EV+5 Str+3}
  2094 | D:3      | Reached skill level 5 in Conjurations
  2181 | D:3      | Found a faded altar of an unknown god.
  2300 | D:3      | Reached XP level 4. HP: 27/30 MP: 7/7
  2365 | D:3      | Found Gitirisa's Distillery.
  2371 | D:3      | Noticed Sigmund
  2824 | D:4      | Learned a level 2 spell: Blink
  2988 | D:4      | Gained mutation: You regenerate magic rapidly. [demonic
                  | ancestry]
  2988 | D:4      | Reached XP level 5. HP: 35/35 MP: 8/8
  3365 | D:4      | HP: 1/35 [hobgoblin[a hobgoblin] (3)]
  3639 | D:5      | Entered Level 5 of the Dungeon
  3653 | D:5      | Reached skill level 6 in Conjurations
  3733 | D:5      | Noticed a phantom
  3740 | D:5      | Noticed an ogre
  3741 | D:5      | Noticed a phantom
  3923 | D:5      | Gained mutation: You are partially covered in large bone
                  | plates. (SH +4) [demonic ancestry]
  3923 | D:5      | Reached XP level 6. HP: 37/41 MP: 8/11
  4079 | D:5      | Learned a level 4 spell: Iskenderun's Mystic Blast
  4090 | D:5      | Reached XP level 7. HP: 47/47 MP: 13/13
  4228 | D:5      | Found a staircase to the Ecumenical Temple.
  4246 | Temple   | Entered the Ecumenical Temple
  4371 | Temple   | Became a worshipper of Gozag Ym Sagoz the Greedy
  4707 | D:5      | Reached skill level 1 in Fighting
  4716 | D:5      | Reached skill level 5 in Spellcasting
  4887 | D:6      | Found a large runed translucent door.
  4910 | D:6      | Found an ornate altar of the Wu Jian Council.
  4936 | D:6      | Mangled by a gnoll sergeant

Illustrated notes

Levels and vault maps discovered:
D:1:      dpeg_arrival_erosion, layout_basic
D:2:      layout_rooms, basic_altar, kennysheep_generic_room_6
D:3:      layout_rooms, hellmonk_ecumenical_altar_dog_temple, serial_shops,
          nicolae_shop_tiny_statue_garden, chequers_serial_rivers_room_a,
          uniq_sigmund
D:4:      layout_cave_pods
D:5:      layout_basic, temple_statues
D:6:      layout_cave_pools, grunt_dithmenos_shadows,
          mainiacjoe_overflow_boulevard, mainiacjoe_overflow_six_doors_small,
          ebering_ghost_disaster_area, serial_shops, nicolae_shop_hallway_plus,
          serial_co_window_serial, co_window_paths_a,
          co_window_of_opportunity_a, co_window_paths_a, co_window_paths_a,
          co_window_corner_a, co_window_broadway_a, co_window_of_opportunity_c,
          co_window_corner_b, co_window_corner_cb, co_window_corner_b,
          co_window_unsneaky_path_a, glass_columns_a, glass_columns_c,
          glass_columns_a, glass_columns_a, glass_columns_b,
          nicolae_grassy_gnolls
Temple:   nicolae_temple_superstar

Skill      XL: |  1  2  3  4  5  6  7 |
---------------+----------------------+-----
Conjurations   | 5 6 |  6.9
Stealth        | 2 3 |  3.2
Dodging        | 2 |  2.5
Spellcasting   | 3 4 5 |  5.0
Fighting       | 1 |  1.2
Short Blades   | |  0.7
Throwing       | |  0.8
Translocations | |  0.9

Action                     |  1- 3 |  4- 6 |  7- 9 || total
---------------------------+-------+-------+-------++-------
  Melee: Unarmed           |    10 |       |       ||    10
         Dagger            |     6 |     5 |     1 ||    12
         Club              |     2 |       |       ||     2
  Throw: Dart              |       |     3 |     1 ||     4
   Cast: Magic Dart        |    52 |     3 |     1 ||    56
         Searing Ray       |     8 |    30 |    20 ||    58
         Blink             |       |     1 |       ||     1
         Dazzling Flash    |       |     1 |       ||     1
    Use: Potion            |       |     2 |       ||     2
   Stab: Sleeping          |     5 |     1 |       ||     6
 Armour: Robe              |     5 |     6 |       ||    11
  Dodge: Dodged            |    25 |    30 |     7 ||    62
  Block: Other             |       |       |     2 ||     2
